 Dungeon Crawl Stone Soup version 0.31-a0-177-g4aa6249778 (webtiles) character file.

Game seed: 2669944493539591910

175 Moral the Insei (level 5, 0/33 (34) HPs)
             Began as an Octopode Transmuter on June 18, 2023.
             Slain by a scorpion (2 damage)
             ... on level 4 of the Dungeon.
             The game lasted 00:07:06 (2958 turns).

Moral the Insei (Octopode Transmuter)               Turns: 2958, Time: 00:07:08

HP:   0/33 (34)     AC:  1    Str: 12    XL:     5   Next: 55%
MP:   5/9           EV: 13    Int: 15    God:
Gold: 129           SH:  0    Dex: 12    Spells: 6/9 levels left

rFire   . .          .
                       - Unarmed
rCold   . . .        (no shield)
rNeg    . . .        (helmet currently unavailable)
rPois   .            (no amulet)
rElec   .            f - ring of see invisible
rCorr   .            (no ring)
SInv    +            (no ring)
Will    .....        (no ring)
Stlth   +++          (no ring)
HPRegen 0.25/turn    (no ring)
MPRegen 0.11/turn    (no ring)
                     (no ring)

%: no passive effects
@: about to teleport, appendages, wereblooded, lightly drained
A: tentacle spike 3, almost no armour, amphibious, 8 rings, camouflage 1,
gelatinous body 1, (nimble swimmer 1), tentacles
a: End Transformation


You were on level 4 of the Dungeon.
One of your tentacles had grown a beastly spike.
You visited 1 branch of the dungeon, and saw 4 of its levels.

You collected 129 gold pieces.

Inventory:

Jewellery
 f - a ring of see invisible (left tentacle)
Scrolls
 b - 4 scrolls of identify {unknown}
 c - a scroll of torment {unknown}
 d - 2 scrolls of teleportation
 e - 2 scrolls of brand weapon {unknown}
 h - 3 scrolls of poison {unknown}
 i - a scroll of vulnerability {unknown}
Potions
 a - 2 potions of lignification
 g - a potion of curing {unknown}
 k - a potion of heal wounds {unknown}
 l - 4 potions of might {unknown}


   Skills:
 + Level 2.3 Fighting
 - Level 2.4 Dodging
 - Level 1.6 Stealth
 + Level 3.9 Unarmed Combat
 + Level 2.7 Spellcasting
 * Level 3.2 Transmutations


You had 6 spell levels left.
You knew the following spells:

 Your Spells              Type           Power      Damage    Failure   Level
a - Beastly Appendage     Tmut           22%        N/A       5%          1
b - Wereblood             Tmut           11%        N/A       9%          2

Your spell library contained the following spells:

 Spells                   Type           Power      Damage    Failure   Level
 Spider Form              Tmut/Pois      6%         N/A       32%         3
 Ice Form                 Ice/Tmut       6%         N/A       71%         4


Dungeon Overview and Level Annotations

Branches:
Dungeon (4/15)
 Temple: D:4-7

Altars:

Shops:
D:1 !


Innate Abilities, Weirdness & Mutations

One of your tentacles has grown a beastly spike.
You cannot wear most types of armour.
You are amphibious.
You can wear up to eight rings at the same time.
Your skin changes colour to match your surroundings (Stealth+).
Your rubbery body absorbs attacks. (AC +1, EV +1)
((You are camouflaged when in or above water. (Stealth+)))
You have tentacles for arms and can constrict up to eight enemies at once.


Message History

You squeeze the wight, but do no damage.
You constrict the wight, but do no damage.
The wight barely misses you. The wight hits you with a +0 dagger.
Casting: Beastly Appendage (safe; 6% risk of failure)
Confirm with . or Enter, or press ? or * to list all spells.
Your blood is infused with primal strength.
You constrict the wight. The wight hits you with a +0 dagger.
You feel drained. The wight barely misses you.
You tentacle-slap the wight.
You pierce the wight.
You squeeze the wight!
The wight is severely damaged.
You constrict the wight.
The wight hits you from afar with a +0 spear!
The wight barely misses you.
Your magical contamination has completely faded away.
You tentacle-slap the wight.
You pierce the wight.
You feel a bit better.
You destroy the wight!
The wight hits you from afar with a +0 spear.
* * * LOW HITPOINT WARNING * * *
You feel drained.
* * * LOW HITPOINT WARNING * * *
Your life force feels restored.
Your Transmutations skill increases to level 3!
You tentacle-slap the scorpion but do no damage.
You grab the scorpion.
You pierce the scorpion, but do no damage.
You squeeze the scorpion.
The scorpion is lightly wounded.
You constrict the scorpion, but do no damage.
The scorpion stings you.
* * * LOW HITPOINT WARNING * * *
The wight hits you from afar with a +0 spear.
* * * LOW HITPOINT WARNING * * *
The scorpion closely misses you.
As you read the scroll of teleportation, it crumbles to dust.
You feel strangely unstable.
You constrict the scorpion, but do no damage.
The wight hits you from afar with a +0 spear.
* * * LOW HITPOINT WARNING * * *
You feel drained. The scorpion stings you.
You die...

#########
##################z.......
................@sz.......
......############........
#####.###### #...$....
...........# #........
######.....## #........
.....'......# ####.....
######......# .....
#......#### #####
##........#


You could see a scorpion and 2 wights.

Vanquished Creatures
  A wight (D:4)
  Natasha (twice) (D:2)
  2 adders
  A dart slug (D:3)
  8 ball pythons
  7 endoplasms
  4 giant cockroaches
  4 goblins
  3 hobgoblins
  5 kobolds
  3 quokkas
  A bat (D:1)
  3 frilled lizards
  4 rats
  A spectral goblin (D:3)
49 creatures vanquished.

Notes
Turn   | Place    | Note
-------+----------+-------------------------------------------
     0 | D:1      | Moral the Octopode Transmuter began the quest for the Orb.
     0 | D:1      | Reached XP level 1. HP: 13/13 MP: 3/3
   159 | D:1      | Reached XP level 2. HP: 10/18 MP: 3/5
   553 | D:1      | Found Plog's Distillery.
  1136 | D:2      | Reached XP level 3. HP: 23/23 MP: 4/6
  1160 | D:2      | Noticed Natasha
  1172 | D:2      | Killed Natasha
  1173 | D:2      | Reached skill level 1 in Stealth
  1285 | D:2      | Noticed Natasha
  1293 | D:2      | Killed Natasha
  1294 | D:2      | Reached XP level 4. HP: 29/29 MP: 5/7
  2108 | D:3      | Identified the staff "Hoedior" {rC++ rN+ Conj}
  2211 | D:3      | Identified the +9 spear "Jadirrefo" {speed, rF+}
  2323 | D:3      | Found a faded altar of an unknown god.
  2370 | D:3      | Reached XP level 5. HP: 34/34 MP: 6/8
  2790 | D:3      | Learned a level 2 spell: Wereblood
  2958 | D:4      | Slain by a scorpion

Illustrated notes

Levels and vault maps discovered:
D:1:      spicycebolla_arrival_clurvy, layout_basic, serial_shops, shop,
          roderic_roman_lattice
D:2:      layout_basic, uniq_natasha
D:3:      layout_basic, dreamdust_ecumenical_altar_drowned_temple
D:4:      layout_basic, minmay_gold_behind_fungi, uniq_menkaure, uniq_eustachio

Skill      XL: |  1  2  3  4  5 |
---------------+----------------+-----
Stealth        | 1 |  1.6
Fighting       | 2 |  2.3
Transmutations | 3 |  3.2
Dodging        | |  2.4
Unarmed Combat | |  3.9
Spellcasting   | |  2.7

Action                     |  1- 3 |  4- 6 || total
---------------------------+-------+-------++-------
  Melee: Unarmed           |    54 |    41 ||    95
         Constrict         |    13 |    12 ||    25
         Tentacles         |    12 |     9 ||    21
         Kick              |    17 |     8 ||    25
         Punch             |     1 |     3 ||     4
   Cast: Beastly Appendage |    14 |    19 ||    33
         Wereblood         |       |     1 ||     1
    Use: Scroll            |     2 |     1 ||     3
   Stab: Sleeping          |     3 |     6 ||     9
 Armour: Skin              |     4 |     4 ||     8
  Dodge: Dodged            |    33 |    22 ||    55

Table legend: (Time is in decaauts)
 A = Elapsed time spent in this place.
 B = Non-inter-level travel time spent in this place.
 C = Inter-level travel time spent in this place.
 D = Time resting spent in this place.
 E = Time spent auto-exploring this place.
 F = Levels seen in this place.
 G = Mean time per level.
                   A        B        C        D        E       F      G
               +--------+--------+--------+--------+--------+-----+--------+
         Total |   2950 |   2803 |    147 |    226 |   2136 |   4 |  737.5 |
       Dungeon |   2950 |   2803 |    147 |    226 |   2136 |   4 |  737.5 |
               +--------+--------+--------+--------+--------+-----+--------+

Top non-repeatable levels by time:
     D:1: 1083 daAuts
     D:3: 984 daAuts
     D:2: 765 daAuts
     D:4: 118 daAuts
